 Dungeon Crawl Stone Soup version 0.25-a0-458-g6fc7858b95 (webtiles) character file.

Game seed: 9385465694520637424, levelgen mode: deterministic

129 Conn the Shooter (level 4, 0/36 HPs)
             Began as a Centaur Arcane Marksman on Feb 2, 2020.
             Killed from afar by an orc wizard (8 damage)
             ... with a magic dart
             ... on level 6 of the Dungeon.
             The game lasted 00:08:51 (2636 turns).

Conn the Shooter (Centaur Arcane Marksman)          Turns: 2636, Time: 00:08:52

Health: 0/36       AC:  4    Str: 12    XL:     4   Next: 88%
Magic:  5/5        EV: 10    Int: 12    God:
Gold:   125        SH:  0    Dex: 11    Spells: 1/5 levels left

rFire    + . .     SeeInvis .   b - +0 hand axe
rCold    . . .     Gourm    .   (no shield)
rNeg     . . .     Faith    .   e - +0 robe
rPois    .         Spirit   .   (no helmet)
rElec    .         Reflect  .   (no cloak)
rCorr    .         Harm     .   (no gloves)
MR       .....                  (no barding)
Stlth    +.........             (no amulet)
HPRegen  0.12/turn              o - +2 ring of slaying
MPRegen  0.09/turn              r - ring of protection from fire

@: very quick
A: large, hooves 3, deformed body, speed 2, tough skin 3
a: no special abilities


You were on level 6 of the Dungeon.
You were not hungry.

You visited 1 branch of the dungeon, and saw 4 of its levels.

You collected 125 gold pieces.

Inventory:

Hand Weapons
 a - a +0 shortbow
 b - a +0 hand axe (weapon)
 j - a +0 short sword
Missiles
 d - 35 arrows
 n - 8 boomerangs (quivered)
 q - 12 sling bullets
 w - 29 poisoned darts
Armour
 e - a +0 robe (worn)
 x - a +0 chain mail
Jewellery
 o - a +2 ring of slaying (left hand)
 p - an uncursed ring of protection from cold
 r - a ring of protection from fire (right hand)
Scrolls
 c - a scroll of amnesia {unknown}
 g - 4 scrolls of identify {unknown}
 h - 3 scrolls of remove curse {unknown}
 i - a scroll of enchant weapon {unknown}
 k - a scroll of teleportation {unknown}
 l - a scroll of random uselessness {unknown}
 m - a scroll of immolation {unknown}
Potions
 t - a potion of magic {unknown}
 u - a potion of invisibility {unknown}
Comestibles
 f - 6 rations
 v - 7 chunks of flesh


   Skills:
 * Level 2.2 Fighting
 + Level 0.5 Axes
 * Level 4.5 Bows
 + Level 2.1 Dodging
 + Level 0.3 Stealth
 + Level 1.0 Spellcasting
 * Level 3.0 Hexes


You had one spell level left.
You knew the following spells:

 Your Spells              Type           Power        Failure   Level  Hunger
a - Corona                Hex            #......      9%          1    ##.....
b - Inner Flame           Hex/Fire       #.......     43%         3    ####...

Your spell library contained the following spells:

 Spells                   Type           Power        Failure   Level  Hunger
 Slow                     Hex            #.......     13%         2    ###....
 Portal Projectile        Hex/Tloc       #.....       43%         3    ####...
 Cause Fear               Hex            #.........   65%         4    #####..
 Leda's Liquefaction      Hex/Erth       #.........   85%         4    #####..


Dungeon Overview and Level Annotations

Branches:
Dungeon (3/15)

Altars:
Elyvilon
Trog

Annotations:
D:3 1 transporter, pentaxis93's ghost, amateur BaSu


Innate Abilities, Weirdness & Mutations

You have hooves in place of feet.
Armour fits poorly on your strangely shaped body.
You cover ground very quickly.
You have extremely tough skin. (AC +3)


Message History

The orc wizard gestures at you while chanting.
The magic dart hits you.
* * * LOW HITPOINT WARNING * * *
Unknown command.
You closely miss the orc wizard. Your kick misses the orc wizard.
The orc wizard is heavily wounded.
You barely miss the orc. The orc hits you with a +0 mace.
* * * LOW HITPOINT WARNING * * *
The orc wizard hits you with a +0 dagger.
* * * LOW HITPOINT WARNING * * *
Unknown command.
Okay, then.
Okay, then.
Unknown command.
Unknown command.
It was a potion of curing.
You feel better. The orc hits you with a +0 mace.
* * * LOW HITPOINT WARNING * * *
The orc wizard casts a spell at you. The magic dart hits you!
You die...

##### ###
#.... #.#
##....##
#.#
#..>.oo##
##.# #@.#
##..#
##.#
#..##
#.###.##
#......#
####.#.#
###.#.#
###...#.#
#...###..
#..### ##


You could see an orc wizard and an orc.

Vanquished Creatures
  6 adders
  An adder skeleton (D:6)
  2 worms
  A dart slug (D:1)
  A leopard gecko (D:2)
  4 orcs
  3 giant cockroaches
  9 goblins
  7 hobgoblins
  A quokka (D:2)
  8 bats
  3 frilled lizards (D:2)
  5 kobolds
  9 rats
60 creatures vanquished.

Notes
Turn   | Place    | Note
-------+----------+-------------------------------------------
     0 | D:1      | Conn the Centaur Arcane Marksman began the quest for the
                  | Orb.
     0 | D:1      | Reached XP level 1. HP: 16/16 MP: 2/2
   320 | D:1      | Reached XP level 2. HP: 22/23 MP: 3/3
   465 | D:1      | Reached skill level 3 in Bows
  1074 | D:2      | Reached XP level 3. HP: 25/28 MP: 4/4
  2085 | D:3      | Reached XP level 4. HP: 36/36 MP: 5/5
  2090 | D:3      | Reached skill level 4 in Bows
  2154 | D:3      | Found a bloodstained altar of Trog.
  2431 | D:3      | Found a white marble altar of Elyvilon.
  2483 | D:3      | Noticed pentaxis93's ghost (amateur BaSu)
  2497 | D:3      | Found a transporter.
  2529 | D:3      | Learned a level 3 spell: Inner Flame
  2601 | D:3      | You fall into a shaft and drop 3 floors!
  2636 | D:6      | Killed from afar by an orc wizard

Levels and vault maps discovered:
D:1:      elethiomel_arrival_infinity_welcomes_careful_drivers, layout_basic
D:2:      layout_loops_ring, corner_web_ring, minmay_fractal_squares_gapless_5
D:3:      layout_loops_ring, nicolae_overflow_crystal_walls,
          gammafunk_ghost_stat_death, trog_book
D:6:      layout_rooms, chequers_temple_overflow_statue_of_worship,
          makhleb_altar_promises_db, lightli_sewer_entry_pipes,
          kennysheep_generic_room_6

Skill      XL: |  1  2  3  4 |
---------------+-------------+-----
Bows           | 3 4 |  4.5
Dodging        | 2 |  2.1
Fighting       | 2 |  2.2
Hexes          | 3 |  3.0
Axes           | |  0.5
Stealth        | |  0.3
Spellcasting   | |  1.0

Action                   |  1- 3 |  4- 6 || total
-------------------------+-------+-------++-------
Melee: Unarmed           |    17 |       ||    17
       Kick              |    16 |    10 ||    26
       Hand axe          |    73 |    45 ||   118
       Short sword       |    15 |       ||    15
 Fire: Shortbow          |    38 |     7 ||    45
Throw: Boomerang         |     4 |       ||     4
 Cast: Corona            |     1 |     1 ||     2
  Use: Potion            |       |     1 ||     1
  Eat: Chunk             |     2 |     2 ||     4
Armor: Robe              |    56 |    18 ||    74
Dodge: Dodged            |    75 |    32 ||   107

Table legend:
 A = Non-vault XP
 B = Vault XP
 C = Vault XP percentage of total XP
 D = Non-vault monster count
 E = Vault monster count
 F = Vault count percentage of total count
                 A         B        C        D         E       F
            +---------+---------+-------+---------+---------+-------
      Total |     163 |      22 |  11.9 |      56 |       4 |   6.7
            +---------+---------+-------+---------+---------+-------
        D:1 |      35 |       0 |   0.0 |      22 |       0 |   0.0
        D:2 |      37 |      22 |  37.3 |      15 |       4 |  21.1
        D:3 |      80 |       0 |   0.0 |      16 |       0 |   0.0
        D:6 |      11 |       0 |   0.0 |       3 |       0 |   0.0
            +---------+---------+-------+---------+---------+-------
